Map: Submarine LE

Players

LiquidClem (Clem) - Winner!

  • Race: Terran Terran
  • Spawn Location: 5:00

Bunny

  • Race: Terran Terran
  • Spawn Location: 11:00

VOD

Have the link to the VOD?

Description

Time

  • Played on: Jan. 16, 2021, 2:22 p.m.
  • Length: 8:47
Show
View Real Time Build Order
Export as new Build Order

LiquidClem Terran - Winner!

Build Orders:  

Get SALT Encoding   

  12  0:00  SCV  
  13  0:12  SCV  
  14  0:17  Supply Depot  
  14  0:24  SCV  
  15  0:38  SCV  
  15  0:40  Barracks  
  15  0:42  Refinery  
  16  0:50  SCV  
  16  0:52  Refinery  
  17  1:02  SCV  
  18  1:14  SCV  
  19  1:26  Reaper  
  19  1:27  Orbital Command  
  19  1:28  Supply Depot  
  20  1:42  Factory  
  20  1:52  SCV  
  21  1:59  Reaper  
  22  2:04  SCV  
  23  2:16  SCV  
  24  2:23  Command Center  
  24  2:26  Hellion  
  24  2:28  SCV  
  27  2:36  Barracks Reactor  
  27  2:39  Starport  
  27  2:41  SCV  
  28  2:46  Supply Depot  
  28  2:50  Widow Mine  
  30  2:53  SCV  
  31  3:07  SCV  
  31  3:12  Factory Tech Lab  
  32  3:13  Marine x2  
  32  3:18  Refinery, Starport Tech Lab  
  35  3:20  SCV  
  35  3:31  Cyclone  
  35  3:32  SCV  
  37  3:34  Marine x2  
  37  3:37  Orbital Command  
  39  3:42  Raven  
  39  3:44  SCV  
  42  3:54  Marine x2  
  44  3:56  SCV  
  45  4:04  Supply Depot, SCV  
  45  4:08  SCV, Siege Tank  
  50  4:16  SCV  
  51  4:21  SCV  
  51  4:24  Marine x2  
  51  4:25  Raven  
  51  4:28  SCV  
  55  4:33  SCV  
  53  4:40  SCV  
  53  4:42  Siege Tank, Marine x2  
  59  4:48  Command Center  
  59  4:50  SCV  
  60  4:53  SCV  
  60  4:59  Supply Depot  
  61  5:05  Supply Depot, SCV  
  62  5:12  Refinery  
  62  5:21  Supply Depot, SCV x2, Siege Tank, Viking  
  69  5:26  Viking  
  69  5:28  Marine  
  72  5:31  Stimpack  
  72  5:33  SCV x2  
  74  5:37  Supply Depot  
  74  5:45  SCV x2, Marine  
  75  5:51  Viking  
  75  5:56  Viking  
  79  5:57  SCV x2, Siege Tank  
  83  6:06  Barracks  
  83  6:07  Barracks, Marine  
  83  6:09  SCV x2  
  86  6:16  Supply Depot  
  86  6:19  Orbital Command  
  86  6:21  SCV  
  87  6:25  Viking  
  87  6:29  SCV  
  87  6:31  Marine  
  90  6:33  SCV  
  90  6:35  Supply Depot  
  90  6:36  Siege Tank  
  94  6:42  Viking  
  94  6:44  SCV x2  
  98  6:48  SCV  
  98  6:49  Marine  
  99  6:57  SCV  
  90  7:02  Barracks Reactor x2  
  90  7:06  Supply Depot, Barracks  
  90  7:08  Barracks, Siege Tank  
  86  7:09  SCV  
  86  7:10  Marine  
  86  7:14  Viking x2  
  95  7:19  Combat Shield  
  95  7:20  Supply Depot, SCV  
  94  7:23  SCV  
  94  7:25  SCV  
  94  7:28  Marine  
  97  7:33  SCV  
  97  7:35  Refinery  
  97  7:36  Refinery  
  98  7:38  Marine x2  
  98  7:39  Marine x2  
  98  7:40  Siege Tank, SCV  
  106  7:46  Engineering Bay  
  106  7:47  Engineering Bay  
  106  7:53  Medivac x2  
  106  7:54  Barracks Reactor  
  106  7:55  Marine x2  
  106  7:56  Marine  
  106  7:57  Marine  
  110  7:59  Marine  
  110  8:01  SCV x2  
  110  8:03  Marine  
  114  8:13  Siege Tank, Marine  
  114  8:14  Marine  
  114  8:15  Marine  
  114  8:17  Marine  
  114  8:19  Marine  
  122  8:21  Marine  
Show
View Real Time Build Order
Export as new Build Order

Bunny Terran 

Build Orders:  

Get SALT Encoding   

  12  0:00  SCV  
  13  0:12  SCV  
  14  0:17  Supply Depot  
  14  0:25  SCV  
  15  0:39  SCV  
  15  0:40  Barracks  
  16  0:43  Refinery  
  16  0:51  SCV  
  16  0:53  Refinery  
  17  1:03  SCV  
  18  1:15  SCV  
  19  1:27  Orbital Command, Reaper  
  19  1:28  Supply Depot  
  20  1:43  Factory  
  20  1:53  SCV  
  21  2:00  Reaper  
  22  2:05  SCV  
  23  2:16  Command Center  
  23  2:19  SCV  
  24  2:26  Hellion  
  26  2:31  SCV  
  26  2:32  Reaper  
  26  2:35  Supply Depot  
  28  2:45  SCV  
  28  2:48  Hellion  
  31  2:52  Starport  
  31  2:58  SCV  
  32  3:05  Barracks Reactor  
  32  3:10  Factory Tech Lab, SCV  
  33  3:22  SCV  
  34  3:28  Cyclone  
  34  3:29  Orbital Command  
  36  3:38  SCV  
  36  3:39  Refinery  
  36  3:41  Marine  
  36  3:42  Marine  
  36  3:44  Starport Tech Lab  
  38  3:50  SCV  
  39  3:56  SCV  
  39  3:59  Marine x2  
  39  4:02  SCV  
  43  4:04  Raven  
  43  4:08  Supply Depot, SCV  
  46  4:12  Siege Tank  
  46  4:14  SCV  
  50  4:18  Supply Depot  
  50  4:20  SCV  
  50  4:23  Marine x2  
  53  4:26  SCV  
  53  4:33  SCV  
  54  4:39  SCV  
  54  4:44  Marine x2  
  54  4:45  Supply Depot, SCV  
  58  4:46  Refinery  
  58  4:47  Raven  
  58  4:51  SCV  
  58  4:52  Siege Tank  
  64  4:55  Supply Depot  
  64  4:57  SCV  
  65  5:02  Marine x2  
  65  5:06  SCV  
  68  5:09  SCV  
  68  5:13  Command Center  
  69  5:19  SCV  
  70  5:22  SCV  
  70  5:25  Siege Tank  
  73  5:32  SCV  
  73  5:34  SCV  
  75  5:40  Marine, Stimpack, Viking x2  
  80  5:43  Supply Depot  
  80  5:47  SCV  
  80  5:48  SCV  
  82  5:54  Supply Depot  
  82  5:57  Siege Tank  
  83  6:06  SCV x2  
  83  6:08  Marine  
  83  6:09  Viking  
  83  6:10  Viking  
  83  6:11  Supply Depot  
  90  6:25  Marine  
  90  6:29  Siege Tank  
  94  6:35  SCV x2  
  94  6:38  Barracks x2  
  94  6:39  Viking  
  98  6:40  Viking  
  98  6:44  Supply Depot  
  98  6:45  Orbital Command  
  89  6:58  Marine  
  75  7:01  Siege Tank  
  75  7:05  SCV x2  
  74  7:09  Viking  
  74  7:10  Viking  
  75  7:17  SCV x2, Marine  
  78  7:26  Barracks Reactor x2  
  78  7:28  Engineering Bay x2  
  78  7:29  SCV x2  
  77  7:37  Siege Tank  
  77  7:39  Viking x2  
  77  7:42  Marine  
  83  7:46  SCV x2  
  84  7:55  Orbital Command  
  80  8:00  Marine  
  80  8:02  Barracks  
  80  8:04  SCV x2  
  80  8:05  Barracks  
  83  8:09  Marine x2  
  83  8:10  Marine x2  
Tags
 
Add a new tag
Caveats
  • Supply blocks, unpowered buildings, or Contaminate may cause inaccurate times.
  • Supply counts are checked every 10 seconds.